 Dungeon Crawl Stone Soup version 0.31-a0-636-ge1c0e020e0 (webtiles) character file.

Game seed: 14061235768969366001

10159 thirtiethelement the Cleaver (level 11, -2/124 HPs)
             Began as a Demonspawn Fighter on Aug 27, 2023.
             Was a Priest of Trog.
             Slain by a vampire (9 damage)
             ... on level 11 of the Dungeon.
             The game lasted 00:24:40 (11045 turns).

thirtiethelement the Cleaver (Demonspawn Fighter)  Turns: 11045, Time: 00:24:41

Health: -2/124     AC:  7    Str: 25 (26) XL:     11   Next: 32%
Magic:  0/11       EV: 11    Int:  7 (9)  God:    Trog [***...]
Gold:   497        SH: 15    Dex: 11 (13) Spells: 10/10 levels left

rFire   + + .        u - +2 hand axe (vamp)
rCold   + . .        c - +1 buckler
rNeg    + . .        b - +0 scale mail
rPois   +            (no helmet)
rElec   .            n - scarf {rC+ rF+}
rCorr   +            (no gloves)
SInv    .            p - +1 pair of boots of Ryblexihuf {rF+ rN+ Str+5}
Will    .....        q - amulet of reflection Stlth
                     w - ring of poison resistance
HPRegen 0.40/turn    r - ring of resist corrosion
MPRegen 0.24/turn

%: reflection, clarity, guardian spirit
@: berserking (expiring), very quick
A: claws 1, magic shield, magic regeneration, magic link, condensation shield,
weakness stinger 2, clarity, deformed body, MP-powered wands
a: Renounce Religion, Berserk, Trog's Hand


You were on level 11 of the Dungeon.
You worshipped Trog.
Trog was most pleased with you.
You visited 2 branches of the dungeon, and saw 12 of its levels.

You collected 497 gold pieces.

Inventory:

Hand Weapons
 u - a +2 vampiric hand axe (weapon)
Missiles
 d - 2 throwing nets
 g - 24 poisoned darts (quivered)
 x - 6 curare-tipped darts
Armour
 b - a +0 scale mail (worn)
 c - a +1 buckler (worn)
 m - a +0 helmet
 n - a scarf of resistance (worn)
 p - the +1 pair of boots of Ryblexihuf (worn) {rF+ rN+ Str+5}
   (You found it on level 3 of the Dungeon)

   Str+5:     It affects your strength (+5).
   rF+:       It protects you from fire.
   rN+:       It protects you from negative energy.
Jewellery
 q - an amulet of reflection (around neck)
 r - a ring of resist corrosion (right claw)
 w - a ring of poison resistance (left claw)
 y - a ring of see invisible
Wands
 k - a wand of flame (22)
Scrolls
 e - 3 scrolls of enchant weapon
 h - 2 scrolls of amnesia
 i - a scroll of vulnerability
 j - 2 scrolls of teleportation
 l - 3 scrolls of revelation
 o - a scroll of immolation
 t - 2 scrolls of enchant armour
 v - a scroll of fog
Potions
 a - a potion of might
 f - a potion of brilliance
 s - 2 potions of heal wounds
 z - a potion of attraction
 C - a potion of curing


   Skills:
 + Level 6.9 Fighting
 + Level 9.7 Axes
 + Level 2.2 Throwing
 + Level 8.3 Armour
 + Level 4.9 Dodging
 + Level 0.9 Stealth
 + Level 7.9 Shields
 + Level 0.9 Evocations


You had 10 spell levels left.
You didn't know any spells.
Your spell library contained the following spells:

 Spells                   Type           Power      Damage    Failure   Level
 Magic Dart               Conj           0%         1d3       75%         1
 Searing Ray              Conj           0%         2d4       86%         2
 Dazzling Flash           Conj/Hex       0%         N/A       98%         3
 Volatile Blastmotes      Fire/Tloc      0%         2d10      98%         3
 Fulminant Prism          Conj/Hex       0%         3d5       100%        4
 Starburst                Conj/Fire      0%         6d3       100%        6
 Maxwell's Capacitive Co  Air            0%         ∞         100%        8


Dungeon Overview and Level Annotations

Branches:
Dungeon (11/15)            Temple (1/1) D:5
   Lair: D:8-11         Orc: D:9-12

Altars:
Ashenzari
Cheibriados
Dithmenos
Fedhas
Gozag
Hepliaklqana
Kikubaaqudgha
Makhleb
Nemelex Xobeh
Okawaru
Qazlal
Ru
Sif Muna
Trog
Uskayaw
Vehumet
Wu Jian
Xom
Yredelemnul

Shops:
D:11 *

Annotations:
D:6 1 runed translucent door, Crazy Yiuf


Innate Abilities, Weirdness & Mutations

You have sharp fingernails.
When hurt, damage is shared between your health and your magic reserves.
You regenerate magic rapidly.
When low on magic, you restore magic in place of health.
A meltable shield of frost defends you. (SH +4)
You have a tail ending in a sharp stinger.
You possess an exceptional clarity of mind.
Armour fits poorly on your strangely shaped body.
You expend magic power (3 MP) to strengthen your wands.


Message History

You feel your intelligence returning.
You closely miss the vampire mosquito.
The vampire mosquito is moderately damaged.
You miss something. You hit the vampire mosquito.
The vampire mosquito bites you.
* * * LOW HITPOINT WARNING * * *
The vampire mosquito barely misses you.
Unknown command.
You slash the vampire mosquito!
The vampire mosquito is heavily damaged.
You barely miss something. You miss the vampire mosquito.
The vampire mosquito bites you but does no damage.
You block the vampire mosquito's attack.
You block something's attack. Something bites you.
* * * LOW HITPOINT WARNING * * *
Something draws strength from your injuries!
You closely miss the vampire mosquito. You tail-slap the vampire mosquito!
The vampire mosquito is almost destroyed.
You slash the vampire mosquito! You hit something but do no damage.
The vampire mosquito barely misses you.
You block the vampire mosquito's attack.
Something hits you!
* * * LOW HITPOINT WARNING * * *
Something bites you but does no damage.
You hit the vampire mosquito.
You destroy the vampire mosquito!
Trog accepts your kill.
You closely miss something. You barely miss the vampire mosquito.
You block the vampire mosquito's attack.
You slash the vampire mosquito!
You destroy the vampire mosquito!
Trog accepts your kill.
You closely miss something. Something hits you but does no damage.
Something bites you.
* * * LOW HITPOINT WARNING * * *
Something draws strength from your injuries!
You are too berserk!
You miss something. You slash something! Something hits you!
You die...

###########
#.........#
#.........#
#....>....#
#.........#
#....{@...#
#.......∩.#
#.........#
#....<....#
#.........#
#.........#
#.........#
#..[......#


There were no monsters in sight!

Vanquished Creatures
  3 two-headed ogres
  Joseph (D:8)
  A troll (D:10)
  A hornet (D:10)
  A meliai (shapeshifter) (D:9)
  A wraith (D:10)
  A vampire (D:10)
  10 yaks
  A wyvern (D:9)
  2 steam dragons
  3 vampire mosquitoes (D:11)
  Duvessa (D:4)
  5 water moccasins
  An ice beast (D:6)
  3 orc warriors (D:8)
  A sky beast (D:8)
  An ogre (D:4)
  2 black bears
  4 centaurs
  A phantom (D:7)
  7 bullfrogs
  A scorpion (D:6)
  2 gnoll sergeants (D:8)
  8 wights
  Dowan (D:4)
  9 killer bees
  11 howler monkeys
  3 hounds
  A jelly (D:4)
  7 orc priests
  A gnoll bouda (D:6)
  A sleepcap (D:5)
  4 iguanas
  10 orc wizards
  11 adders
  19 gnolls
  2 shadow imps (D:6)
  A white imp (D:6)
  2 ufetubi
  2 worms
  11 dart slugs
  35 orcs
  3 ball pythons
  4 bats
  8 endoplasms
  6 giant cockroaches
  8 goblins
  7 hobgoblins
  7 jackals (D:1)
  21 kobolds
  5 frilled lizards
  4 rats
266 creatures vanquished.

Vanquished Creatures (others)
  A centaur (D:9)
  A kobold brigand (D:10)
2 creatures vanquished.

Grand Total: 268 creatures vanquished

Notes
Turn   | Place    | Note
-------+----------+-------------------------------------------
     0 | D:1      | thirtiethelement the Demonspawn Fighter began the quest for
                  | the Orb.
     0 | D:1      | Reached XP level 1. HP: 18/18 MP: 1/1
    59 | D:1      | Reached skill level 2 in Axes
   171 | D:1      | Discovered your monstrous ancestry.
   171 | D:1      | Gained mutation: You have sharp fingernails. [demonic
                  | ancestry]
   171 | D:1      | Reached XP level 2. HP: 24/24 MP: 2/2
   408 | D:1      | Found a faded altar of an unknown god.
   599 | D:1      | Gained mutation: You have a small tail. [demonic ancestry]
   599 | D:1      | Reached XP level 3. HP: 29/29 MP: 3/3
  1155 | D:2      | Reached XP level 4. HP: 34/35 MP: 4/4
  1294 | D:2      | Reached skill level 1 in Dodging
  1847 | D:3      | Reached XP level 5. HP: 38/41 MP: 5/5
  2015 | D:3      | Identified the +1 pair of boots of Ryblexihuf {rF+ rN+
                  | Str+5}
  2113 | D:4      | Noticed an ogre
  2117 | D:4      | Killed an ogre
  2118 | D:4      | Reached skill level 3 in Axes
  2218 | D:4      | Gained mutation: You regenerate magic rapidly. [demonic
                  | ancestry]
  2218 | D:4      | Reached XP level 6. HP: 45/47 MP: 6/6
  2295 | D:4      | Noticed Duvessa
  2298 | D:4      | Noticed Dowan
  2324 | D:4      | Killed Duvessa
  2325 | D:4      | Reached skill level 4 in Axes
  2345 | D:4      | Killed Dowan
  2349 | D:4      | Reached skill level 1 in Throwing
  2465 | D:4      | Gained mutation: You have a tail ending in a sharp stinger.
                  | [demonic ancestry]
  2465 | D:4      | Reached XP level 7. HP: 34/53 MP: 7/7
  3126 | D:5      | Entered Level 5 of the Dungeon
  3259 | D:5      | Reached skill level 5 in Axes
  3706 | D:5      | Found a staircase to the Ecumenical Temple.
  3737 | Temple   | Entered the Ecumenical Temple
  3771 | Temple   | Became a worshipper of Trog the Wrathful
  4082 | D:6      | Gained mutation: When hurt, damage is shared between your
                  | health and your magic reserves. [demonic ancestry]
  4082 | D:6      | Reached XP level 8. HP: 56/60 MP: 8/8
  4095 | D:6      | Found a stormy altar of Qazlal.
  4133 | D:6      | Reached skill level 5 in Armour
  4351 | D:6      | Reached skill level 6 in Axes
  4718 | D:6      | Gained mutation: You are vulnerable to heat. (rF-) [potion
                  | of mutation]
  4877 | D:6      | Reached * piety under Trog
  4987 | D:6      | Reached skill level 5 in Shields
  5285 | D:6      | Found a runed translucent door.
  5286 | D:6      | Noticed Crazy Yiuf
  5608 | D:7      | Gained mutation: When low on magic, you restore magic in
                  | place of health. [demonic ancestry]
  5608 | D:7      | Reached XP level 9. HP: 46/66 MP: 9/9
  5615 | D:6      | Reached skill level 7 in Axes
  5785 | D:7      | HP: 1/67 [killer bee (3)]
  5789 | D:7      | Reached skill level 5 in Fighting
  5796 | D:7      | HP: 5/102 [poisoned by a killer bee]
  6193 | D:7      | Reached ** piety under Trog
  6290 | D:7      | You fall into a shaft and drop 3 floors!
  6290 | D:10     | Entered Level 10 of the Dungeon
  6595 | D:8      | Reached skill level 8 in Axes
  6850 | D:8      | Lost mutation: You are vulnerable to heat. (rF-) [potion of
                  | mutation]
  6850 | D:8      | Gained mutation: You expend magic power (3 MP) to
                  | strengthen your wands. [potion of mutation]
  6850 | D:8      | Gained mutation: You possess an exceptional clarity of
                  | mind. [potion of mutation]
  6850 | D:8      | Gained mutation: Armour fits poorly on your strangely
                  | shaped body. [potion of mutation]
  7377 | D:8      | Gained mutation: A meltable shield of frost defends you.
                  | (SH +4) [demonic ancestry]
  7377 | D:8      | Reached XP level 10. HP: 53/76 MP: 8/10
  7489 | D:7      | Found a hazy altar of Hepliaklqana.
  7859 | D:8      | Noticed Joseph
  7877 | D:8      | Killed Joseph
  8112 | D:8      | Reached *** piety under Trog
  8441 | D:9      | Found an ornate altar of the Wu Jian Council.
  8646 | D:9      | a blink frog changed into a harpy
  8646 | D:9      | Noticed a harpy (shapeshifter)
  8656 | D:9      | a harpy changed into something unseen
  8941 | D:9      | Found a radiant altar of Vehumet.
  8989 | D:9      | Noticed a two-headed ogre
  9008 | D:9      | Killed a two-headed ogre
  9349 | D:9      | Reached skill level 9 in Axes
  9662 | D:9      | Found a snail-covered altar of Cheibriados.
  9736 | D:9      | Found a shimmering altar of Xom.
  9849 | D:9      | Found an opulent altar of Gozag.
 10153 | D:10     | Found a burning altar of Makhleb.
 10175 | D:10     | Reached **** piety under Trog
 10186 | D:10     | Noticed a two-headed ogre
 10205 | D:10     | Killed a two-headed ogre
 10206 | D:10     | Reached XP level 11. HP: 31/83 MP: 1/11
 10211 | D:10     | HP: 4/83 [troll (16)]
 10217 | D:10     | HP: 6/124 [troll (7)]
 10425 | D:10     | Noticed a two-headed ogre
 10440 | D:10     | Killed a two-headed ogre
 10597 | D:10     | Found a shimmering blue altar of Sif Muna.
 10911 | D:11     | Found Takkug Wiech's General Store.
 11045 | D:11     | Slain by a vampire

Illustrated notes

Levels and vault maps discovered:
D:1:      sevenhm_arrival_forest_fort_small_5, layout_basic,
          shapermc_ecumenical_altar_notcrosses, roderic_roman_lattice,
          st_stairs_14, moated_statue, nicolae_titane
D:2:      layout_rooms, chequers_serial_rivers_micro_d,
          kennysheep_generic_room_16
D:3:      layout_rooms
D:4:      layout_rooms, uniq_duvessa
D:5:      kennysheep_slugbush, layout_loops_cross, minmay_temple_entry_slanted
D:6:      layout_basic, marbit_many_paths, uniq_crazy_yiuf_cottage
D:7:      layout_rooms, nicolae_hepliaklqana_hazy_memory
D:8:      layout_loops_ring, uniq_joseph
D:9:      layout_roguey, nicolae_overflow_hidden_temple, fiery_altar_vehumet,
          kennysheep_little_box, nicolae_overflow_quartered_altars
D:10:     layout_cave_pools, mainiacjoe_overflow_divided_tiny
D:11:     minmay_bubble_buster, layout_cross, lair_entry_dummy, david_orc_2,
          serial_shops, shop, uniq_fannar
Temple:   hellmonk_temple_of_storms

Skill      XL: |  1  2  3  4  5  6  7  8  9 10 11 |
---------------+----------------------------------+-----
Axes           | 2 3 4 5 6 8 9 |  9.7
Armour         | 3 4 5 6 7 8 |  8.3
Shields        | 3 4 5 6 7 |  7.9
Dodging        | 1 2 3 4 |  4.9
Throwing       | 1 2 |  2.2
Fighting       | 4 5 6 |  6.9
Stealth        | |  0.9
Evocations     | |  0.9

Action                     |  1- 3 |  4- 6 |  7- 9 | 10-12 || total
---------------------------+-------+-------+-------+-------++-------
  Melee: War axe           |    78 |   114 |   425 |       ||   617
         Tailslap          |     9 |    11 |    53 |    70 ||   143
         Hand axe          |       |       |    29 |   351 ||   380
  Throw: Dart              |       |    11 |    15 |    12 ||    38
 Invoke: Berserk           |       |       |     1 |     2 ||     3
         Trog's Hand       |       |       |       |     1 ||     1
  Evoke: Wand              |       |     7 |       |     2 ||     9
    Use: Scroll            |     3 |     4 |     7 |       ||    14
         Potion            |       |     2 |     6 |     5 ||    13
 Armour: Scale mail        |    50 |    52 |   130 |    66 ||   298
         Skin              |       |       |    34 |       ||    34
  Dodge: Dodged            |    40 |    47 |   219 |   107 ||   413
  Block: Buckler           |    29 |    44 |   333 |   302 ||   708
         Reflection        |       |       |    13 |     7 ||    20

Table legend: (Time is in decaauts)
 A = Elapsed time spent in this place.
 B = Non-inter-level travel time spent in this place.
 C = Inter-level travel time spent in this place.
 D = Time resting spent in this place.
 E = Time spent auto-exploring this place.
 F = Levels seen in this place.
 G = Mean time per level.
                   A        B        C        D        E       F      G
               +--------+--------+--------+--------+--------+-----+--------+
         Total |  11234 |  10962 |    272 |   2353 |   6264 |  12 |  936.2 |
       Dungeon |  11179 |  10907 |    272 |   2353 |   6264 |  11 | 1016.3 |
        Temple |     54 |     54 |      0 |      0 |      0 |   1 |   54.0 |
               +--------+--------+--------+--------+--------+-----+--------+

Top non-repeatable levels by time:
     D:6: 1737 daAuts
     D:9: 1702 daAuts
     D:8: 1654 daAuts
     D:4: 1066 daAuts
     D:1: 1042 daAuts
    D:10: 988 daAuts
     D:7: 935 daAuts
     D:5: 886 daAuts
     D:2: 705 daAuts
     D:3: 434 daAuts
  Temple: 54 daAuts
    D:11: 25 daAuts
